 Dungeon Crawl Stone Soup version 0.29-a0-275-g389c0b56f3 (webtiles) character file.

Game seed: 5484839907519737632

2798 epen the Chiller (level 9, -17/72 (74) HPs)
             Began as a Demigod Ice Elementalist on Mar 11, 2022.
             Demolished by Menkaure (19 damage)
             ... on level 6 of the Dungeon.
             The game lasted 00:12:31 (9055 turns).

epen the Chiller (Demigod Ice Elementalist)         Turns: 9055, Time: 00:12:31

HP:   -17/72 (74)   AC: 12    Str:  9    XL:     9   Next: 20%
MP:   19/20         EV: 14    Int: 29    God:
Gold: 440           SH:  0    Dex: 14    Spells: 11/18 levels left

rFire   . . .      SeeInvis .   j - +4 trident (freeze)
rCold   + . .      Faith    .   (no shield)
rNeg    . . .      Spirit   .   a - +0 robe
rPois   .          Reflect  .   (no helmet)
rElec   .          Harm     .   f - +1 cloak
rCorr   .          Rampage  .   (no gloves)
Will    .....                   (no boots)
Stlth   ++........              k - amulet of magic regeneration
HPRegen 0.22/turn               d - ring of protection from cold
MPRegen 0.57/turn               (no ring)

@: ice-armoured, about to teleport, freezing walls, lightly drained
A: high MP 1, forlorn, divine attributes
a: no special abilities


You were on level 6 of the Dungeon.
You visited 1 branch of the dungeon, and saw 6 of its levels.

You collected 440 gold pieces.

Inventory:

Hand Weapons
 e - a +0 dagger
 j - a +4 trident of freezing (weapon)
Missiles
 q - a throwing net
Armour
 a - a +0 robe (worn)
 f - a +1 cloak (worn)
Jewellery
 d - a ring of protection from cold (left hand)
 k - an amulet of magic regeneration (around neck)
Wands
 m - a wand of digging (9)
Scrolls
 c - 2 scrolls of fog
 h - 5 scrolls of identify
 i - 2 scrolls of enchant weapon
 l - a scroll of teleportation
 s - 2 scrolls of enchant armour
Potions
 b - 3 potions of magic
 n - 2 potions of cancellation
 o - 2 potions of flight
 r - a potion of brilliance


   Skills:
 + Level 5.0 Fighting
 + Level 4.7 Polearms
 + Level 5.6 Dodging
 - Level 2.1 Stealth
 + Level 5.1 Spellcasting
 + Level 6.6 Ice Magic


You had 11 spell levels left.
You knew the following spells:

 Your Spells              Type           Power      Damage    Failure   Level
a - Freeze                Ice            100%       1d11      1%          1
b - Frozen Ramparts       Ice            90%        1d11      1%          3
c - Ozocubu's Armour      Ice            45%        N/A       1%          3

Your spell library contained the following spells:

 Spells                   Type           Power      Damage    Failure   Level
 Beastly Appendage        Tmut           14%        N/A       6%          1
 Wereblood                Tmut           7%         N/A       10%         2
 Hailstorm                Conj/Ice       26%        3d7       16%         4
 Spider Form              Tmut/Pois      7%         N/A       19%         3
 Metabolic Englaciation   Hex/Ice        13%        N/A       41%         5
 Simulacrum               Ice/Necr       13%        N/A       94%         6


Dungeon Overview and Level Annotations

Branches:
Dungeon (6/15)             Temple (0/1) D:4

Annotations:
D:4 2 transporters
D:6 1 transporter, Menkaure


Innate Abilities, Weirdness & Mutations

You have an increased reservoir of magic. (+10% MP)
You shall have no god before yourself.
Your divine heritage dramatically boosts your attributes as you level up.


Message History

Pain shoots through your body!
* * * LOW HITPOINT WARNING * * *
Reach: j) +4 trident (freeze)
Press: ? - help, Dir - move target, f/p - wyvern zombie
Aim: a wyvern zombie (moderately damaged, about 18% to evade your +4 trident of freezing)
You barely miss the wyvern zombie.
The wyvern zombie is moderately damaged.
The wight resists.
The wall freezes the wight.
The wight completely misses you.
The wyvern zombie resists.
The wall freezes the wyvern zombie.
The wyvern zombie misses you.
Reach: j) +4 trident (freeze)
Press: ? - help, Dir - move target, f/p - wyvern zombie
Aim: a wyvern zombie (moderately damaged, about 18% to evade your +4 trident of freezing)
You hit the wyvern zombie.
The wyvern zombie is heavily damaged.
The wyvern zombie resists.
The wall freezes the wyvern zombie.
The wyvern zombie bites you!
* * * LOW HITPOINT WARNING * * *
The wight completely resists.
The wall freezes the wight but does no damage.
The wight completely misses you.
Menkaure resists.
The wall freezes Menkaure.
Menkaure hits you but does no damage.
The wyvern zombie resists.
The wall freezes the wyvern zombie.
The wyvern zombie bites you but does no damage.
The wight completely resists.
The wall freezes the wight but does no damage.
The wight misses you.
Okay, then.
As you read the scroll of teleportation, it crumbles to dust.
You feel strangely unstable.
Menkaure resists.
The wall freezes Menkaure.
Menkaure barely misses you.
The wyvern zombie completely resists.
The wall freezes the wyvern zombie but does no damage.
The wyvern zombie bites you.
* * * LOW HITPOINT WARNING * * *
The wight resists.
The wall freezes the wight.
The wight hits you from afar with a +0 trident.
* * * LOW HITPOINT WARNING * * *
You feel drained.
Menkaure resists.
The wall freezes Menkaure.
Menkaure hits you!!
You die...

##..#############....
#..#...........#...
##..#$..........#..##
#...#$.###.###..#§..#
#.#.#_.#8#.#8#..#§#§#
#...#[..........#§§§#
#..©#⌠....©.....#§§§#
##..#[....MZz...#§§##
##.#_.#8#@#8#$.#§##
#.#$.###.###..#.#
#.#=..........#.#
#.#..........©#.#
#.#############.#
#...............#
#################


You could see Menkaure (fast), a wight and a wyvern zombie.

Vanquished Creatures
  A wyvern (D:4)
  A wraith (D:6)
  3 water moccasins
  An orc warrior (D:6)
  2 ice beasts
  A black bear (D:5)
  An ogre (D:4)
  A phantom (D:5)
  A bullfrog (D:6)
  4 wyvern zombies (D:6)
  2 scorpions
  2 water moccasin zombies (D:6)
  A centaur zombie (D:6)
  5 bullfrog zombies (D:6)
  6 hounds
  7 orc priests
  2 jellies
  A bullfrog skeleton (D:6)
  Crazy Yiuf (D:2)
  A centaur skeleton (D:6)
  A gnoll shaman (D:4)
  Terence (D:2)
  An orc wizard (D:5)
  A howler monkey zombie (D:6)
  7 gnolls (D:4)
  9 adders
  A howler monkey skeleton (D:6)
  A shadow imp (D:5)
  2 ufetubi
  3 worms
  3 dart slugs
  20 orcs
  3 bats
  9 endoplasms
  6 giant cockroaches
  13 goblins
  10 hobgoblins
  15 jackals
  10 kobolds
  5 quokkas
  12 ball pythons
  4 frilled lizards
  6 rats
187 creatures vanquished.

Vanquished Creatures (others)
  A fungus (D:2)
  6 withered plants (D:6)
7 creatures vanquished.

Grand Total: 194 creatures vanquished

Notes
Turn   | Place    | Note
-------+----------+-------------------------------------------
     0 | D:1      | epen the Demigod Ice Elementalist began the quest for the
                  | Orb.
     0 | D:1      | Reached XP level 1. HP: 14/14 MP: 5/5
   642 | D:1      | Reached XP level 2. HP: 18/20 MP: 4/7
  1594 | D:2      | Noticed Terence
  1667 | D:2      | Reached XP level 3. HP: 26/27 MP: 5/8
  1671 | D:2      | Learned a level 3 spell: Frozen Ramparts
  1845 | D:2      | Reached skill level 4 in Ice Magic
  2038 | D:2      | Killed Terence
  2039 | D:2      | Reached skill level 1 in Fighting
  2039 | D:2      | Reached XP level 4. HP: 27/35 MP: 6/10
  2522 | D:2      | Found a runed translucent door.
  2523 | D:2      | Noticed Crazy Yiuf
  2537 | D:2      | Killed Crazy Yiuf
  2717 | D:3      | Reached XP level 5. HP: 30/40 MP: 7/11
  2718 | D:3      | Reached skill level 1 in Polearms
  2727 | D:3      | Learned a level 3 spell: Ozocubu's Armour
  3027 | D:3      | Identified the +5 war axe of Meager Guilt {vamp, rCorr
                  | Str-2 Dex+8}
  3135 | D:3      | Identified the +1 whip "Wehaxe" {flame, Int+5}
  3571 | D:4      | Found a transporter.
  3820 | D:4      | Reached XP level 6. HP: 10/48 MP: 9/13
  4099 | D:4      | Found a staircase to the Ecumenical Temple.
  4108 | D:4      | Noticed a wyvern
  4115 | D:4      | Killed a wyvern
  4700 | D:4      | Reached skill level 5 in Ice Magic
  4700 | D:4      | Reached XP level 7. HP: 45/56 MP: 11/15
  4846 | D:4      | Found a transporter.
  5313 | D:5      | Entered Level 5 of the Dungeon
  5999 | D:5      | Reached XP level 8. HP: 64/64 MP: 14/17
  7247 | D:6      | Reached skill level 6 in Ice Magic
  7255 | D:6      | Reached skill level 5 in Dodging
  7473 | D:6      | HP: 1/67 [wyvern zombie (6)]
  8376 | D:6      | Reached XP level 9. HP: 56/72 MP: 20/20
  8395 | D:6      | Reached skill level 5 in Spellcasting
  8590 | D:6      | Reached skill level 5 in Fighting
  9002 | D:6      | Noticed Menkaure
  9021 | D:6      | Found a transporter.
  9023 | D:6      | Found a transporter.
  9055 | D:6      | HP: 3/74 [wyvern zombie (3)]
  9055 | D:6      | Demolished by Menkaure

Illustrated notes

Levels and vault maps discovered:
D:1:      saegor_arrival_simple_d, layout_basic,
          dreamdust_ecumenical_altar_statues, corexii_leaking_fountain
D:2:      layout_rooms, minmay_misc_feat_tiny, chequers_serial_rivers_large_a,
          grunt_decor_arrowhead, nicolae_elevator_lobby_asterisk, uniq_terence,
          uniq_crazy_yiuf_cottage
D:3:      corexii_shack_village, layout_rooms
D:4:      gammafunk_cloud_chamber, layout_basic, nicolae_wu_jian_wuxing_cycle,
          lemuel_blue_sif_altar
D:5:      layout_basic, gammafunk_temple_overflow_pools, amcnicky_altar_gilded,
          serial_curves, eino_curves_04, eino_curves_01, saegor_snake_ambush
D:6:      layout_basic, okawaru_trees_1, gammafunk_temple_of_torment,
          serial_undead, serial_undead_c, serial_undead_b, serial_undead_d,
          serial_undead_a, serial_undead_e, serial_undead_d, serial_undead_c,
          serial_undead_b, serial_undead_a, serial_undead_d, patterned_corridor

Skill      XL: |  1  2  3  4  5  6  7  8  9 |
---------------+----------------------------+-----
Dodging        | 2 3 4 5 |  5.6
Stealth        | 2 |  2.1
Spellcasting   | 2 3 4 5 |  5.1
Ice Magic      | 4 5 6 |  6.6
Fighting       | 1 2 3 4 5 |  5.0
Polearms       | 1 2 3 4 |  4.7

Action                   |  1- 3 |  4- 6 |  7- 9 || total
-------------------------+-------+-------+-------++-------
Melee: Unarmed           |    23 |       |       ||    23
       Dagger            |    50 |       |       ||    50
       Trident           |       |   154 |   271 ||   425
       Punch             |       |     2 |     6 ||     8
 Cast: Freeze            |    32 |     1 |     7 ||    40
       Frozen Ramparts   |     2 |    14 |    21 ||    37
       Ozocubu's Armour  |       |       |    10 ||    10
  Use: Potion            |       |     1 |     2 ||     3
       Scroll            |       |     7 |     5 ||    12
 Stab: Sleeping          |     6 |     7 |     9 ||    22
Armor: Robe              |    24 |    17 |    66 ||   107
Dodge: Dodged            |    74 |    81 |   198 ||   353

Table legend: (Time is in decaauts)
 A = Elapsed time spent in this place.
 B = Non-inter-level travel time spent in this place.
 C = Inter-level travel time spent in this place.
 D = Time resting spent in this place.
 E = Time spent auto-exploring this place.
 F = Levels seen in this place.
 G = Mean time per level.
                   A        B        C        D        E       F      G
               +--------+--------+--------+--------+--------+-----+--------+
         Total |   9169 |   8908 |    261 |   1927 |   5549 |   6 | 1528.2 |
       Dungeon |   9169 |   8908 |    261 |   1927 |   5549 |   6 | 1528.2 |
               +--------+--------+--------+--------+--------+-----+--------+

Top non-repeatable levels by time:
     D:5: 2273 daAuts
     D:4: 1796 daAuts
     D:1: 1545 daAuts
     D:6: 1529 daAuts
     D:2: 1175 daAuts
     D:3: 848 daAuts
